 Dungeon Crawl Stone Soup version 0.29-a0-643-ga013cefcf8 (webtiles) character file.

Game seed: 13386314059061815836

164 happo123 the Digger (level 5, -2/29 HPs)
             Began as a Gargoyle Earth Elementalist on June 19, 2022.
             Killed from afar by a white imp (6 damage)
             ... with a puff of frost
             ... summoned by Eustachio
             ... on level 4 of the Dungeon.
             The game lasted 00:25:34 (2601 turns).

happo123 the Digger (Gargoyle Earth Elementalist)   Turns: 2601, Time: 00:25:37

Health: -2/29      AC:  6    Str: 11    XL:     5   Next: 45%
Magic:  1/9        EV: 12    Int: 18    God:
Gold:   167        SH:  0    Dex: 10    Spells: 5/9 levels left

rFire   . . .      SeeInvis .   e - +0 hunting sling
rCold   . . .      Faith    .   (no shield)
rNeg    + . .      Spirit   .   a - +0 robe
rPois   ∞          Reflect  .   (no helmet)
rElec   +          Harm     .   (no cloak)
rCorr   .          Rampage  .   (no gloves)
Will    .....                   (no boots)
Stlth   ++........              (no amulet)
HPRegen 0.09/turn               (no ring)
MPRegen 0.11/turn               (no ring)

@: no status effects
A: sickness immunity, AC +4, negative energy resistance 1, electricity
resistance, torment resistance 1, petrification resistance
a: no special abilities


You were on level 4 of the Dungeon.
You visited 1 branch of the dungeon, and saw 4 of its levels.

You collected 167 gold pieces.

Inventory:

Hand Weapons
 e - a +0 hunting sling (weapon)
Missiles
 f - 15 stones
Armour
 a - a +0 robe (worn)
Scrolls
 c - 3 scrolls of blinking {unknown}
 g - a scroll of vulnerability {unknown}
 h - a scroll of enchant weapon {unknown}
 i - a scroll of amnesia {unknown}
 k - 3 scrolls of identify {unknown}
 l - 2 scrolls of immolation {unknown}
Potions
 b - 2 potions of magic
 d - a potion of might {unknown}
 j - 3 potions of brilliance {unknown}
 m - a potion of haste {unknown}


   Skills:
 + Level 1.6 Fighting
 + Level 2.1 Dodging
 + Level 2.8 Stealth
 * Level 2.9 Spellcasting
 + Level 1.3 Conjurations
 + Level 1.4 Transmutations
 * Level 4.7 Earth Magic


You had 5 spell levels left.
You knew the following spells:

 Your Spells              Type           Power      Damage    Failure   Level
a - Sandblast             Erth           38%        2d10      2%          1
b - Stone Arrow           Conj/Erth      26%        3d8       14%         3

Your spell library contained the following spells:

 Spells                   Type           Power      Damage    Failure   Level
 Passwall                 Tmut/Erth      10%        N/A       7%          2
 Beastly Appendage        Tmut           14%        N/A       9%          1
 Shock                    Conj/Air       16%        1d4       13%         1
 Wereblood                Tmut           7%         N/A       14%         2
 Spider Form              Tmut/Pois      5%         N/A       36%         3
 Petrify                  Tmut/Erth      13%        N/A       41%         4
 Swiftness                Air            2%         N/A       45%         3
 Airstrike                Air            1%         N/A       86%         4


Dungeon Overview and Level Annotations

Branches:
Dungeon (4/15)
 Temple: D:4-7

Altars:

Shops:
D:1 [

Annotations:
D:4 Eustachio


Innate Abilities, Weirdness & Mutations

You are immune to sickness and miasma.
Your stone body is resilient. (AC +4)
You are immune to poison.
You resist negative energy. (rN+)
You are resistant to electric shocks. (rElec)
You are resistant to unholy torment.
You are immune to petrification.


Message History

Aim: a white imp (heavily wounded, summoned, 50% to hit)
You shoot a sling bullet.
The sling bullet closely misses the white imp.
The sling bullet hits the white imp.
The white imp is severely wounded.
The white imp barely misses you.
Fire: e) +0 hunting sling
Press: ? - help, Shift-Dir - straight line, f/p - white imp
Aim: a white imp (severely wounded, summoned, 50% to hit)
You shoot a sling bullet.
The sling bullet barely misses the white imp.
The sling bullet hits the white imp.
The white imp is almost dead.
The white imp completely misses you.
The white imp hits you but does no damage.
Fire: e) +0 hunting sling
Press: ? - help, Shift-Dir - straight line, f - Eustachio, p - white imp
Aim: Eustachio, wielding a +0 rapier and wearing a +0 leather armour (almost dead, 35% to hit)
You shoot a sling bullet. The sling bullet hits the white imp.
The white imp is heavily wounded.
The white imp gestures at you. The puff of frost hits you!
* * * LOW HITPOINT WARNING * * *
Fire: e) +0 hunting sling
Press: ? - help, Shift-Dir - straight line, f/p - Eustachio
Aim: Eustachio, wielding a +0 rapier and wearing a +0 leather armour (almost dead, 35% to hit)
Casting: Sandblast (safe; 2% risk of failure)
Confirm with . or Enter, or press ? or * to list all spells.
Okay, then.
Fire: e) +0 hunting sling
Press: ? - help, Q - select action, (/) - cycle Shift-Dir - straight line, f/p - Eustachio
Aim: Eustachio, wielding a +0 rapier and wearing a +0 leather armour (almost dead, 35% to hit)
You shoot a sling bullet.
The sling bullet completely misses the white imp.
The sling bullet closely misses Eustachio.
Eustachio gestures wildly while chanting.
Eustachio blinks!
The white imp gestures at you. The puff of frost hits you.
You die...

....... .......
....... .......
.......##
........##
#....# ......
###.5########..#
.......#
#..55@.......#
........
#...##########
.......# #.§##
.......###.##
..)..#.#....#
...........## #
...##....## ..
##....#
..#.##..#.#####


You could see 3 white imps.

Vanquished Creatures
  Jessica (D:3)
  5 adders
  A white imp (D:3)
  An ufetubus (D:4)
  4 worms
  3 dart slugs
  2 orcs (D:3)
  6 ball pythons
  8 bats
  An endoplasm (D:2)
  2 giant cockroaches
  7 goblins
  4 hobgoblins
  3 jackals (D:3)
  3 quokkas
  2 frilled lizards (D:3)
  5 kobolds
  8 rats
66 creatures vanquished.

Notes
Turn   | Place    | Note
-------+----------+-------------------------------------------
     0 | D:1      | happo123 the Gargoyle Earth Elementalist began the quest
                  | for the Orb.
     0 | D:1      | Reached XP level 1. HP: 10/10 MP: 3/3
    63 | D:1      | Reached XP level 2. HP: 9/15 MP: 0/5
   179 | D:1      | Reached skill level 1 in Transmutations
   285 | D:1      | Found Nooniat's Antique Armour Shop.
   409 | D:1      | Reached skill level 4 in Earth Magic
   431 | D:1      | Found a faded altar of an unknown god.
   531 | D:1      | Reached XP level 3. HP: 18/20 MP: 4/6
   757 | D:2      | Reached skill level 1 in Fighting
   852 | D:2      | Reached XP level 4. HP: 25/25 MP: 7/7
   989 | D:2      | Reached skill level 1 in Conjurations
  1192 | D:3      | Learned a level 3 spell: Stone Arrow
  1264 | D:3      | Noticed a phantom
  1612 | D:3      | Reached XP level 5. HP: 29/29 MP: 5/9
  2191 | D:3      | Noticed Jessica
  2196 | D:3      | Killed Jessica
  2574 | D:4      | Noticed Eustachio
  2601 | D:4      | Killed from afar by a white imp

Illustrated notes

Levels and vault maps discovered:
D:1:      mrwooster_arrival_arrow, layout_rooms,
          dilly_ecumenical_altar_fadedgnrine, serial_shops, shop
D:2:      layout_rooms
D:3:      layout_basic, lightli_corner_chamber, uniq_jessica
D:4:      layout_cave_pools, minmay_door_square, uniq_eustachio

Skill      XL: |  1  2  3  4 |
---------------+-------------+-----
Transmutations | 1 |  1.4
Earth Magic    | 4 |  4.7
Fighting       | 1 |  1.6
Conjurations   | 1 |  1.3
Dodging        | 2 |  2.1
Stealth        | |  2.8
Spellcasting   | |  2.9

Action                   |  1- 3 |  4- 6 || total
-------------------------+-------+-------++-------
Melee: Unarmed           |    29 |       ||    29
 Fire: Hunting sling     |    51 |    87 ||   138
 Cast: Sandblast         |    20 |    19 ||    39
       Stone Arrow       |       |    12 ||    12
Armor: Robe              |    27 |    14 ||    41
Dodge: Dodged            |    49 |    33 ||    82

Table legend: (Time is in decaauts)
 A = Elapsed time spent in this place.
 B = Non-inter-level travel time spent in this place.
 C = Inter-level travel time spent in this place.
 D = Time resting spent in this place.
 E = Time spent auto-exploring this place.
 F = Levels seen in this place.
 G = Mean time per level.
                   A        B        C        D        E       F      G
               +--------+--------+--------+--------+--------+-----+--------+
         Total |   2708 |   1307 |   1401 |    248 |    490 |   4 |  677.0 |
       Dungeon |   2708 |   1307 |   1401 |    248 |    490 |   4 |  677.0 |
               +--------+--------+--------+--------+--------+-----+--------+

Top non-repeatable levels by time:
     D:3: 1389 daAuts
     D:1: 697 daAuts
     D:2: 536 daAuts
     D:4: 85 daAuts
